 Dungeon Crawl Stone Soup version 0.27-a0-1378-gdefffd1ff6 (webtiles) character file.

Game seed: 9666524398401393227

19 funkygono the Firebug (level 2, -2/15 HPs)
             Began as a Gargoyle Fire Elementalist on June 29, 2021.
             Slain by a worm (9 damage)
             ... on level 1 of the Dungeon.
             The game lasted 00:01:48 (1205 turns).

funkygono the Firebug (Gargoyle Fire Elementalist)  Turns: 1205, Time: 00:01:48

Health: -2/15      AC:  4    Str: 11    XL:     2   Next: 75%
Magic:  0/5        EV: 12    Int: 15    God:
Gold:   51         SH:  0    Dex: 10    Spells: 4/5 levels left

rFire    . . .     SeeInvis .   (no weapon)
rCold    . . .     Faith    .   (no shield)
rNeg     + . .     Spirit   .   a - +0 robe
rPois    ∞         Reflect  .   (no helmet)
rElec    +         Harm     .   (no cloak)
rCorr    .         Rampage  .   (no gloves)
Will     .....                  (no boots)
Stlth    ++........             (no amulet)
HPRegen  0.05/turn              (no ring)
MPRegen  0.09/turn              (no ring)

@: no status effects
A: sickness immunity, AC +2, negative energy resistance 1, electricity
resistance, torment resistance 1, petrification resistance
a: no special abilities


You were on level 1 of the Dungeon.
You visited 1 branch of the dungeon, and saw 2 of its levels.

You collected 51 gold pieces.

Inventory:

Armour
 a - a +0 robe (worn)
Potions
 b - a potion of flight
 d - a potion of lignification {unknown}


   Skills:
 + Level 1.7 Dodging
 - Level 2.1 Stealth
 + Level 2.2 Spellcasting
 + Level 1.3 Conjurations
 + Level 3.5 Fire Magic


You had 4 spell levels left.
You knew the following spells:

 Your Spells              Type           Power      Damage    Failure   Level
a - Foxfire               Conj/Fire      36%        2x1d5     8%          1

Your spell library contained the following spells:

 Spells                   Type           Power      Damage    Failure   Level
 Conjure Flame            Conj/Fire      9%         6-21      24%         3
 Inner Flame              Hex/Fire       7%         N/A       30%         3
 Sticky Flame             Conj/Fire      9%         2d3       61%         4
 Fireball                 Conj/Fire      4%         3d4       91%         5


Dungeon Overview and Level Annotations

Branches:
Dungeon (2/15)

Altars:


Innate Abilities, Weirdness & Mutations

You are immune to sickness and miasma.
Your stone body is resilient. (AC +2)
You are immune to poison.
You resist negative energy. (rN+)
You are resistant to electric shocks. (rElec)
You are resistant to unholy torment.
You are immune to petrification.


Message History

The worm is almost dead.
Casting: Foxfire (safe; 8% risk of failure)
Confirm with . or Enter, or press ? or * to list all spells.
You conjure some foxfire!
The foxfire hits the worm.
The worm is severely wounded.
The foxfire hits the worm.
The worm is almost dead.
The worm bites you but does no damage.
You hit the worm but do no damage.
The worm is severely wounded.
You hit the worm.
The worm is severely wounded.
The worm closely misses you.
You hit the worm.
The worm is almost dead.
You barely miss the worm.
The worm is almost dead.
The worm bites you!
Ouch! That really hurt!
You barely miss the worm.
The worm is severely wounded.
The worm barely misses you.
Casting: Foxfire (safe; 8% risk of failure)
Confirm with . or Enter, or press ? or * to list all spells.
You conjure some foxfire!
The foxfire hits the worm.
The worm is severely wounded.
The foxfire hits the worm.
The worm is almost dead.
Casting: Foxfire (safe; 8% risk of failure)
Confirm with . or Enter, or press ? or * to list all spells.
You conjure some foxfire!
The foxfire hits the worm.
The worm is severely wounded.
The foxfire hits the worm.
The worm is severely wounded.
The worm bites you!
Ouch! That really hurt!
You die...

.................................
.##..............................
.##..###...##.............##.###.
.##..###...##.....##...#.###.# #.
.............................###.
.................................
.#...###.#.##......#..##.#.#.###.
.##..###.#.##......#..##.#.#.# #.
................@w...........# #.
.##..###.#.####..###.###.#.#.###.
.##..##....# #..# #.# #.........
.##..##..#.# #..# #.# #.#.#.###.
.##........####..###.###.#.#.###.
.###.##............(.............
.# #.#####.####..###.###.#.......
.# #.# #.# #..# #............. .#
#.#####.####..# #############.


You could see a worm.

Vanquished Creatures
  2 dart slugs (D:1)
  A giant cockroach (D:1)
  2 hobgoblins (D:1)
  4 jackals (D:1)
  A quokka (D:1)
  A goblin (D:1)
  A kobold (D:1)
  2 rats (D:1)
14 creatures vanquished.

Vanquished Creatures (others)
  58 foxfires (D:1)
58 creatures vanquished.

Grand Total: 72 creatures vanquished

Notes
Turn   | Place    | Note
-------+----------+-------------------------------------------
     0 | D:1      | funkygono the Gargoyle Fire Elementalist began the quest
                  | for the Orb.
     0 | D:1      | Reached XP level 1. HP: 10/10 MP: 3/3
   609 | D:1      | Reached XP level 2. HP: 15/15 MP: 3/5
  1205 | D:1      | Slain by a worm

Illustrated notes

Levels and vault maps discovered:
D:1:      zaba_arrival_water, layout_basic
D:2:      layout_loops_ring, serial_shops, shop, uniq_natasha, uniq_terence,
          uniq_robin, uniq_jessica

Action                   || total
-------------------------++-------
Melee: Unarmed           ||    12
 Cast: Foxfire           ||    32
  Use: Scroll            ||     2
Armor: Robe              ||     4
Dodge: Dodged            ||    13

Table legend: (Time is in decaauts)
 A = Elapsed time spent in this place.
 B = Non-inter-level travel time spent in this place.
 C = Inter-level travel time spent in this place.
 D = Time resting spent in this place.
 E = Time spent auto-exploring this place.
 F = Levels seen in this place.
 G = Mean time per level.
                   A        B        C        D        E       F      G
               +--------+--------+--------+--------+--------+-----+--------+
         Total |   1211 |   1177 |     34 |      0 |   1026 |   2 |  605.5 |
       Dungeon |   1211 |   1177 |     34 |      0 |   1026 |   2 |  605.5 |
               +--------+--------+--------+--------+--------+-----+--------+

Top non-repeatable levels by time:
     D:1: 1209 daAuts
     D:2: 2 daAuts
